Cogmind - Beta 13 @@@ ROGUE MODE // 2024.07.12 @ 11:36:16 Player: ThatBishHoly Result: Destroyed by D-53 Grenadier with Mini Grenade Launcher Performance ------------- Evolutions (1) 500 Regions Visited (3) 600 Robots Destroyed (37) 185 Value Destroyed (887) 887 Prototype IDs (2) 40 Alien Tech Used (0) 0 Bonus (0) 0 TOTAL SCORE: 2212 Bonus ------- None Cogmind --------- Core Integrity 0/400 Matter 170/300 Energy 76/100 System Corruption 2% Temperature Cool (0) Movement Core (50) Location -9/Mines Parts ------- > --- POWER (1) -------- (None) > --- PROPULSION (4) --- (None) > --- UTILITY (2) ------ Advanced Visual Processing Unit > --- WEAPON (2) ------- (None) > --- INVENTORY (5) ---- High-capacity Storage Unit Particle Charger Tractor Beam Improved Light Cannon Katana Peak State ------------ > --- POWER ------------ Nuclear Core > --- PROPULSION ------- Wheel Wheel Compact Wheel Armored Wheel > --- UTILITY ---------- High-capacity Storage Unit Advanced Visual Processing Unit > --- WEAPON ----------- Improved EM Shotgun Particle Gun > --- INVENTORY -------- Nuclear Core Light Treads Improved Treads Particle Charger Tractor Beam Improved Light Cannon Grenade Launcher Grenade Launcher [Rating: 18] Favorites ----------- Power Nuclear Core Engine Ion Engine Power Core Nuclear Core Propulsion Aluminum Leg Treads Light Treads Leg Aluminum Leg Wheel Armored Wheel Utility Advanced Visual Processing Unit Storage High-capacity Storage Unit Processor Advanced Visual Processing Unit Weapon Grenade Launcher Energy Gun EM Pulse Gun Ballistic Gun Assault Rifle Ballistic Cannon Improved Light Cannon Launcher Grenade Launcher Build | -11 -10 -9 -9 ------- Run | Yrd Mat Mat Min Slots Evolved 2 | . . 2 . Power . | . . . . Propulsion 2 | . . 2 . Utility . | . . . . Weapon . | . . . . Parts Attached 38 | 5 5 18 10 Power 4 | . 1 2 1 Engine 1 | . 1 . . Core 3 | . . 2 1 Reactor . | . . . . Propulsion 19 | 2 3 8 6 Treads 6 | . . . 6 Leg 6 | 2 3 1 . Wheel 7 | . . 7 . Hover . | . . . . Flight . | . . . . Utility 4 | 1 1 2 . Device . | . . . . Storage 2 | 1 . 1 . Processor 2 | . 1 1 . Hackware . | . . . . Protection . | . . . . Artifact . | . . . . Weapon 11 | 2 . 6 3 Energy Gun 4 | 1 . 2 1 Energy Cannon . | . . . . Ballistic Gun 1 | 1 . . . Ballistic Cannon 1 | . . 1 . Launcher 5 | . . 3 2 Special Weapon . | . . . . Impact Weapon . | . . . . Slashing Weapon . | . . . . Piercing Weapon . | . . . . Special Melee Weapon . | . . . . Unidentified Prototypes 1 | . . 1 . Parts Lost 17 | . . 6 11 Power 3 | . . 1 2 Propulsion 8 | . . 2 6 Utility . | . . . . Weapon 6 | . . 3 3 Highest Loss Streak 8 | . . 3 8 To Critical Strikes . | . . . . Average Slot Usage (%) 86 | . 90 81 92 Engine 1 | . 7 . . Core 5 | . . 8 7 Treads 8 | . . . 35 Leg 10 | . 28 7 . Wheel 13 | . . 23 6 Storage 11 | . 14 11 11 Processor 10 | . 10 11 11 Energy Gun 8 | . 14 7 7 Ballistic Gun 4 | . 14 1 . Ballistic Cannon 1 | . . . 7 Launcher 7 | . . 11 6 Naked Turns . | . . . . Heaviest Build 54 | 9 14 54 54 Greatest Support 86 | 20 20 48 86 Greatest Overweight (x) 4 | . . 4 2 Average Overweight (x) . | . . 1 . Largest Inventory Capacity 20 | 8 8 20 20 Average Capacity 15 | 7 8 17 19 Most Carried 11 | 5 6 10 11 Average Carried 5 | 1 3 6 6 Final Capacity 20 | 8 8 20 5 Final Carried 9 | 1 6 9 5 Class Distribution -------------------- 100% | Mutant Dominant Class ---------------- Mutant | -10/Materials Mutant | -9/Materials Mutant | -9/Mines Resources | -11 -10 -9 -9 ----------- Run | Yrd Mat Mat Min Matter Collected 882 | 225 172 348 137 Remotely . | . . . . Salvage Created 1073 | . 327 518 228 Parts 65 | . 24 29 12 Haulers Intercepted 2 | . . 2 . Recyclers Shooed 2 | . . 1 1 Parts Field Recycled . | . . . . Retrieved Matter . | . . . . Parts Self-Destructed . | . . . . Prevented . | . . . . Kills | -11 -10 -9 -9 ------- Run | Yrd Mat Mat Min Combat Hostiles Destroyed 25 | . 8 9 8 Guns 13 | . 8 3 2 Cannons 2 | . . . 2 AOE 10 | . . 6 4 Classes Destroyed 11 | . 4 4 3 Worker 5 | . . 4 1 Hauler 2 | . . 2 . Recycler 1 | . . . 1 Mechanic 1 | . . 1 . Operator 2 | . 1 1 . Watcher 2 | . 2 . . Swarmer 5 | . 2 . 3 Grunt 15 | . 6 6 3 Duelist 1 | . . . 1 Sentry 3 | . . 3 . Assembled 1 | . . . 1 Best Kill Streak 4 | . 3 4 4 Combat Bots Only 3 | . 3 3 3 Max Kills in Single Turn 3 | . 1 2 3 Gunslinging . | . . . . Exploded 2 | . . 2 2 Melee . | . . . . Uniques/NPCs Destroyed . | . . . . Combat | -11 -10 -9 -9 -------- Run | Yrd Mat Mat Min Hostile Shots Fired 160 | . 50 49 61 Missed 42 | . 16 13 13 Damage Taken 2184 | . 317 637 1230 Core 462 | . 51 115 296 Absorbed by Shields . | . . . . Core Remaining (%) 89 | 100 79 . . Volleys Fired 100 | . 33 40 27 Largest 2 | . 2 2 2 Hottest 110 | . 60 110 104 Shots Fired 180 | . 66 60 54 Gun 128 | . 66 41 21 Cannon 21 | . . . 21 Launcher 31 | . . 19 12 Special . | . . . . Kinetic 60 | . 33 6 21 Thermal 41 | . . 20 21 Explosive 31 | . . 19 12 Electromagnetic 48 | . 33 15 . Robot Hit Streak 8 | . 8 6 7 Robot Miss Streak 3 | . 2 3 3 Penetration Max . | . . . . Secondary Targets . | . . . . Shots Hit Robots 110 | . 44 34 32 Core Hits 65 | . 17 27 21 Critical Kills . | . . . . Critical Parts Destroyed . | . . . . Critical Strikes 2 | . . 1 1 Burn 1 | . . 1 . Blast 1 | . . . 1 Melee Attacks . | . . . . Impact . | . . . . Slashing . | . . . . Piercing . | . . . . Sneak Attacks . | . . . . Combat Hostiles . | . . . . Follow-up Attacks . | . . . . Damage Inflicted 2412 | . 589 975 848 Guns 1223 | . 586 383 254 Cannons 249 | . . . 249 Explosions 879 | . . 535 344 Melee . | . . . . Ramming 61 | . 3 57 1 Kinetic 611 | . 336 26 249 Thermal 517 | . . 263 254 Explosive 828 | . . 484 344 Electromagnetic 395 | . 250 145 . Impact . | . . . . Slashing . | . . . . Piercing . | . . . . Highest Corruption 2 | . . 2 2 Average Corruption 2 | . . 2 2 Corruption Purged . | . . . . Corruption Blocked . | . . . . Effects 10 | . . 3 7 Message Errors 2 | . . 1 1 Matter Fused 3 | . . 1 2 Heat Flow Errors 1 | . . . 1 Energy Discharges 3 | . . 1 2 Data Loss (minor) 1 | . . . 1 Overload Shots . | . . . . Overflow Damage 17 | . . 8 9 Projectiles 8 | . . . 8 Explosions 8 | . . 7 1 Melee 1 | . . 1 . Knockbacks 7 | . . . 7 Impact . | . . . . Kinetic 7 | . . . 7 Secondary . | . . . . Self-Inflicted Damage 190 | . . 159 31 Shots 5 | . . 4 1 Rammed 6 | . . 5 1 Targets Rammed 7 | . 1 5 1 Kicked 1 | . 1 . . Crushed . | . . . . Highest Temperature 231 | . 12 231 204 Average Temperature 59 | . 3 64 61 Received Heat Transfer 400 | . 99 195 106 Effects 1 | . . 1 . Energy Bleed 1 | . . 1 . Siege Activations . | . . . . Robots Corrupted . | . . . . Combat Hostiles . | . . . . Parts Fried . | . . . . Impact Corruptions 1 | . . 1 . Robots Melted . | . . . . Combat Hostiles . | . . . . Parts Melted 1 | . . 1 . Heat Transferred 1284 | . . 692 592 Parts Sabotaged . | . . . . Parts Stolen . | . . . . Parts Stripped . | . . . . Power Chain Reactions 1 | . . 1 . Alert | -11 -10 -9 -9 ------- Run | Yrd Mat Mat Min Peak Influence 255 | . 239 207 255 Initial 80 | . . 53 80 Average 101 | . 89 98 127 Maximum Alert Level 1 | . 1 1 1 Low Security (%) 94 | 100 88 95 98 Level 1 5 | . 11 4 1 Level 2 . | . . . . Level 3 . | . . . . Level 4 . | . . . . Level 5 . | . . . . High Security . | . . . . Max Security . | . . . . Squads Dispatched 4 | . 2 2 . Investigation . | . . . . Extermination . | . . . . Reinforcement 4 | . 2 2 . Assault . | . . . . Garrison . | . . . . Intercept . | . . . . Searches Triggered . | . . . . Construction Impeded . | . . . . Haulers Reinforced . | . . . . Active Scanning Responses . | . . . . Cargo Convoy Interrupts . | . . . . Stealth | -11 -10 -9 -9 --------- Run | Yrd Mat Mat Min Distress Signals 2 | . 1 1 . Communications Jammed . | . . . . Distress Signals . | . . . . Times Spotted 60 | . 20 16 24 Peak Tracking Total 9 | . 6 3 9 Tactical Retreats 2 | . . . 2 Traps | -11 -10 -9 -9 ------- Run | Yrd Mat Mat Min Traps Triggered . | . . . . Indirectly . | . . . . Trap Hack Attempts . | . . . . Triggered . | . . . . Disarmed . | . . . . Reprogrammed . | . . . . Reused . | . . . . Traps Extracted . | . . . . Installed . | . . . . Triggered . | . . . . Machines | -11 -10 -9 -9 ---------- Run | Yrd Mat Mat Min Machines Disabled 4 | . 1 3 . Max in Single Turn 1 | . 1 1 . Machines Repaired . | . . . . Machines Dismantled . | . . . . Machines Sabotaged . | . . . . Overloaded Fab Kills . | . . . . Hacking | -11 -10 -9 -9 --------- Run | Yrd Mat Mat Min Machines Accessed 4 | . . 4 . Terminals 3 | . . 3 . Fabricators . | . . . . Repair Stations . | . . . . Recycling Units . | . . . . Scanalyzers 1 | . . 1 . Garrison Access . | . . . . Total Hacks 11 | . . 11 . Successful 9 | . . 9 . Failed 2 | . . 2 . Catastrophic 1 | . . 1 . Database Lockouts . | . . . . Manual 3 | . . 3 . Terminals 7 | . . 7 . Fabricators . | . . . . Repair Stations . | . . . . Recycling Units . | . . . . Scanalyzers 4 | . . 4 . Garrison Access . | . . . . Terminal Hacks 6 | . . 6 . Alert Level 1 | . . 1 . Locate Traps 1 | . . 1 . Dispatch Records 1 | . . 1 . Reinforcement Status 1 | . . 1 . Recall Reinforcements 1 | . . 1 . Zone Layout 1 | . . 1 . Fabricator Hacks . | . . . . Repair Station Hacks . | . . . . Recycling Unit Hacks . | . . . . Scanalyzer 3 | . . 3 . Insert Component 2 | . . 2 . Analyze 1 | . . 1 . Garrison Access Hacks . | . . . . Unauthorized Hacks . | . . . . Terminals . | . . . . Fabricators . | . . . . Repair Stations . | . . . . Recycling Units . | . . . . Scanalyzers . | . . . . Garrison Access . | . . . . Data Cores Recovered . | . . . . Used . | . . . . Hacking Detections 4 | . . 4 . Full Trace Events . | . . . . Feedback Events . | . . . . Feedback Blocked . | . . . . Robot Schematics Acquired . | . . . . Robots Built . | . . . . Authchips . | . . . . Time . | . . . . Total Robot Build Rating . | . . . . Part Schematics Acquired 1 | . . 1 . Parts Built . | . . . . Authchips . | . . . . Time . | . . . . Total Part Build Rating . | . . . . Parts Repaired . | . . . . Time . | . . . . Parts Recycled . | . . . . Recycled Matter . | . . . . Retrieved Matter . | . . . . Retrieved Components . | . . . . Parts Scanalyzed 1 | . . 1 . Part Schematics Acquired 1 | . . 1 . Parts Damaged . | . . . . Bothacking | -11 -10 -9 -9 ------------ Run | Yrd Mat Mat Min Used RIF Installer . | . . . . Robots Hacked . | . . . . Non-combat . | . . . . Combat . | . . . . Robot Hacks Applied . | . . . . Relay Couplers Released . | . . . . Fabnet Peak Effective % . | . . . . Robots Rewired . | . . . . Allies Hacked . | . . . . Hacks Repelled . | . . . . Allies | -11 -10 -9 -9 -------- Run | Yrd Mat Mat Min Total Allies 1 | . . . 1 Largest Group 1 | . . . 1 Highest-Rated Group 31 | . . . 31 Highest-Rated Ally 31 | . . . 31 Total Orders . | . . . . Ally Attacks 4 | . . . 4 Total Damage 85 | . . . 85 Kills 2 | . . . 2 Allies Corrupted . | . . . . Allies Melted . | . . . . Intel | -11 -10 -9 -9 ------- Run | Yrd Mat Mat Min Robot Analysis Total . | . . . . Derelict Logs Recovered 1 | . . . 1 Drone Launches . | . . . . Drone Recoveries . | . . . . Exploration | -11 -10 -9 -9 ------------- Run | Yrd Mat Mat Min Turns Passed 2334 | 47 532 1182 573 Spaces Moved 1559 | 36 334 879 310 Core 13 | 9 . . 4 Treads 255 | . . . 255 Legs 416 | 27 334 55 . Wheels 875 | . . 824 51 Hover . | . . . . Flight . | . . . . Fastest Speed 50 | 50 120 102 50 Average Speed 121 | 102 120 112 150 Slowest Speed 240 | 120 120 150 240 Overloaded Moves . | . . . . Propulsion Burnouts . | . . . . Robots Hopped . | . . . . Cave-ins Triggered . | . . . . Exploration Rate (%) 38 | 4 65 38 46 Regions Visited 3 Branch Regions 1 Pre-discovered Areas 1 | . . . 1 Known Exits Taken . | . . . . Unknown Exits Taken 3 | 1 1 1 . Scrap Searched 1 | . . . 1 Spaces Dug . | . . . . Terrain Destroyed 151 | . . 100 51 Melee . | . . . . Projectile 2 | . . . 2 AOE 149 | . . 100 49 Terrain Rammed . | . . . . Walls Destroyed . | . . . . Machines Disabled . | . . . . Actions | -11 -10 -9 -9 --------- Run | Yrd Mat Mat Min Total 1815 | 46 399 1010 360 Wait 46 | . 3 39 4 Move 1556 | 35 333 878 310 Hop . | . . . . Pick Up 39 | 6 10 20 3 Fast Attach 1 | . . 1 . Attach 25 | 5 2 13 5 Detach 2 | . . 1 1 Swap 12 | . 3 4 5 Drop 16 | . 3 9 4 Fire 100 | . 33 40 27 Melee . | . . . . Ram 5 | . . 5 . Kick 1 | . 1 . . Crush 1 | . . . 1 Escape Stasis . | . . . . Rewire 11 | . 11 . . Trap . | . . . . Miscellaneous . | . . . . Route ------- -11/Scrapyard -10/Materials -9/Materials -9/Mines History --------- Turn | Location | Event 9 | -11/Scrapyard | Discovered new exit (range 16) 48 | -11/Scrapyard | Entered Materials 305 | -10/Materials | Build established: Mutant 577 | -10/Materials | Discovered new exit (range 4) 580 | -10/Materials | Entered another Materials area 580 | -9/Materials | Evolved 2 slots: Propulsion x2 1213 | -9/Materials | Lost 3 parts (1p1n1w) 1743 | -9/Materials | Discovered new exit (range 13) 1762 | -9/Materials | Entered Mines 1796 | -9/Mines | Met a Derelict bent on vengeance 1986 | -9/Mines | Learned location of Zion (-7) 2285 | -9/Mines | Assembled infested the area 2290 | -9/Mines | Assisted by a Guerilla fighting off Assembled 2292 | -9/Mines | Received a Mining Laser from a helpful Derelict 2320 | -9/Mines | Core integrity fell below 50% 2334 | -9/Mines | Core integrity fell below 20% 2335 | -9/Mines | Destroyed by D-53 Grenadier with Mini Grenade Launcher Last Messages --------------- 02321_ Imp. Treads destroyed. 02321_ as-27834 destroyed. 02321_ K-01 Serf collects debris. 02322_ R-06 Scavenger destroyed. 02322_ as-52328 destroyed. 02323_ System corrupted: Heat flow error (+125). 02323_ Grenade Launcher destroyed. 02323_ Imp. Treads destroyed. 02325_ K-01 Serf collects debris. 02326_ The unstable cave ceiling collapses. 02327_ Lgt. Treads destroyed. 02328_ The unstable cave ceiling collapses. 02330_ K-01 Serf collects debris. 02330_ Nuclear Core destroyed. 02331_ Lgt. Treads destroyed. 02332_ The unstable cave ceiling collapses. 02332_ Dropped Lgt. Treads. 02333_ The unstable cave ceiling collapses. 02334_ K-01 Serf collects debris. 02335_ Particle Gun destroyed. Map ----- +----------------------------------------------------+ | | | | | | | | | | | ??????????????????????????????????????????????? | | ??????????????????????????????????????????????? | | ??????????????????????????????????????????????? | | ??????????????????????????????????????????????? | | ??????????????????????????????????????????????? | | ??????????????????????????????????????????????? | | ??????????????????????????????????????????????? | | ??????????????????????????????????????????????? | | ??????????????????????????????????????????????? | | ?????????????????????###??????????????????????? | | ????????????????????? #??????????????????????? | | ?????????????????????# #??????????????????????? | | ????????????????????## ##?????????????????????? | | ????????????????????# ????????????#####?????? | | ????????????????????# #?###???????# ##???? | | ??????????#????????## #?# ????### #???? | | ???????#### ??????## ### ##??# #???? | | ??????## ????# ## ### #????? | | ??????# #### # #?????? | | ?????# a %a % | #????????????? | | ## a a @ ##????????????? | | ????????????####### ##?????????????? | | ??????????????????# ######?????????? | | ??????????????????# #?????????? | | ??????????????????# # # #???????? | | ??????????????????# d #??????? | | ?????????????????# #??????? | | ?????????????????# d % # #??????? | | ?????????????????# # % #?????? | | ????????????????# ## k #???? | | ????????????????# #?## # # # #???? | | ????????????????#### #??# #### #??? | | ???????????????????# #?## #???## # #??? | | ???????????????????# ### #?????### % #??? | | ??????????????????## #???????? #??? | | ??????????????????# [ #?????????# #??? | | ?????????????????## ###?????????? ##??? | | ????????????????## ## ##????????????? #???? | | ???????????????## ######??????????????? #???? | | ??????????????## #?????????????????????????? | | ??????????????# ##?????????????????????????? | | ??????????????# ##??????????????????????????? | | ??????????????# ##??????????????????????????? | | ?????????????## !##?????????????????????????? | | ????????????## #?????????????????????????? | +----------------------------------------------------+ Best States ------------- Heat Dissipation 28 Energy Generation 14 Energy Capacity 250 Matter Stores 300 Matter Capacity 300 Sight Range 20 Terrain Scan Density 10 Evasion (%) 55 Recoil Reduction 4 Item Schematics ----------------- Arm. Wheel | -9/Materials | Scanalyzed Robot Schematics ------------------ None Fabricated ------------ Nothing Alien Tech Used ----------------- None Achievements -------------- None Challenges ------------ None Game ------ Seed RestorationKineticArray Manual? 0 Play Time 00:29:31 Cumulative 59.4 hours Start 2024.07.12 @ 10:36:22 End 2024.07.12 @ 11:36:16 Sessions 1 Manual Loads 0 Difficulty Rogue Special Mode None Game No. 163 Rogue 163 Adventurer 0 Explorer 0 Win Type - Total 0 Types 0/0/0/0/0/0/0/0/0 Lore% 22 Gallery% 41 Achievement% 26 Wizard Run 0 Options --------- Layout 0 ASCII 0 Keyboard 0 Movement Arrows Keybinds 0 Fullscreen 1 Font 12/Smallcaps Map View 38x28 Zoom Use 93% Tactical HUD 1 Map Filters NONE Filters NONE Steam SD RUN: d28b2cc8-bf2f-439d-83a8-c1f5b3568fd9